 Dungeon Crawl Stone Soup version 0.28.0-45-g0d030f2227 (webtiles) character file.

Game seed: 16897593240649163011

4895 NinjaNoafa the Protected (level 10, -2/90 HPs)
             Began as a Minotaur Fighter on Apr 12, 2022.
             Was an Elder of Okawaru.
             Killed from afar by an orc (6 damage)
             ... with a puff of flame
             ... on level 7 of the Dungeon.
             The game lasted 00:30:00 (9178 turns).

NinjaNoafa the Protected (Minotaur Fighter)         Turns: 9178, Time: 00:30:01

Health: -2/90      AC: 16    Str: 22    XL:     10   Next: 26%
Magic:  0/12       EV:  9    Int:  5    God:    Okawaru [****..]
Gold:   1371       SH:  7    Dex: 24    Spells: 13/13 levels left

rFire   . . .      SeeInvis +   h - +6 long sword of the Smoking Goat {venom, rElec rPois rC- Dex+8}
rCold   x . .      Faith    .   c - +0 buckler
rNeg    . . .      Spirit   +   l - +4 scale mail of the Kettle-Drum {Will+ Dex+3}
rPois   +          Reflect  .   (helmet restricted)
rElec   +          Harm     .   (no cloak)
rCorr   .          Rampage  .   (no gloves)
Will    +....                   (no boots)
Stlth   +.........              v - amulet of guardian spirit
HPRegen 0.25/turn               w - ring of see invisible
MPRegen 0.13/turn               i - +4 ring of protection

@: studying Axes
A: horns 2, retaliatory headbutt
a: Renounce Religion, Heroism, Finesse


You were on level 7 of the Dungeon.
You worshipped Okawaru.
Okawaru was greatly pleased with you.
You visited 2 branches of the dungeon, and saw 8 of its levels.

You collected 1371 gold pieces.

Inventory:

Hand Weapons
 a - a +0 trident
 d - a +0 scythe
 e - the +3 dagger of Evil {antimagic, rF- rC+ Stlth+}
   (You found it on level 7 of the Dungeon)

   It reduces the magical energy of the wielder, and disrupts the spells and
   magical abilities of those it strikes.
   Natural abilities and divine invocations are not affected.
   rF:        It makes you vulnerable to fire.
   rC:        It protects you from cold.
   Stlth:     It makes you more stealthy.
 h - the +6 long sword of the Smoking Goat (weapon) {venom, rElec rPois rC- Dex+8}
   (You took it off an orc priest on level 7 of the Dungeon)

   It poisons the flesh of those it strikes.
   Dex:       It affects your dexterity (+8).
   rC:        It makes you vulnerable to cold.
   rElec:     It insulates you from electricity.
   rPois:     It protects you from poison.
 j - a +0 hunting sling
 m - a +3 dagger of venom
 z - a +1 whip of flaming
Missiles
 k - 139 stones
 t - a boomerang
 u - 23 poisoned darts (quivered)
Armour
 b - a +0 scale mail
 c - a +0 buckler (worn)
 f - a +0 plate armour
 l - the +4 scale mail of the Kettle-Drum (worn) {Will+ Dex+3}
   (You found it on level 7 of the Dungeon)

   Dex:       It affects your dexterity (+3).
   Will:      It increases your willpower.
 n - a +1 robe of willpower
 o - a +3 ring mail of poison resistance
Magical Staves
 p - a staff of earth
 y - a staff of fire
 A - a staff of air
Jewellery
 i - a +4 ring of protection (right hand)
 v - an amulet of guardian spirit (around neck)
 w - a ring of see invisible (left hand)
Wands
 q - a wand of polymorph (4)
 r - a wand of acid (6)
 D - a wand of flame (2)
Scrolls
 g - a scroll of immolation
 x - a scroll of fog
 B - a scroll of magic mapping


   Skills:
 + Level 8.8 Fighting
 - Level 6.2(6.8) Short Blades
 * Level 4.6(6.4) Long Blades
 - Level 2.8 Polearms
 - Level 5.0 Throwing
 + Level 8.9 Armour
 + Level 8.1 Shields
 - Level 2.0 Spellcasting
 - Level 3.0 Invocations
 + Level 1.1 Evocations


You had 13 spell levels left.
You didn't know any spells.
Your spell library was empty.

Dungeon Overview and Level Annotations

Branches:
Dungeon (7/15)             Temple (1/1) D:5

Altars:
Ashenzari
Cheibriados
Dithmenos
Elyvilon
Fedhas
Gozag
Hepliaklqana
Makhleb
Nemelex Xobeh
Okawaru
Ru
Sif Muna
Trog
Uskayaw
Vehumet
Xom
Yredelemnul
Zin
The Shining One


Innate Abilities, Weirdness & Mutations

You have a pair of horns on your head.
You reflexively headbutt those who attack you in melee.


Message History

Okawaru accepts your kill. You block the ogre's attack.
The bullfrog releases a deep croak.
The bullfrog hits you but does no damage.
You closely miss the bullfrog. Your headbutt misses the bullfrog.
The ogre hits you with a +0 giant spiked club.
You block the bullfrog's attack.
You slash the ogre! You headbutt the ogre.
The ogre is severely wounded.
You block the bullfrog's attack.
The ogre hits you with a +0 giant spiked club!!
The bullfrog hits you but does no damage.
As you read the scroll of fog, it crumbles to dust.
The scroll dissolves into smoke.
The bullfrog hits you but does no damage.
The centaur completely misses you.
The centaur kicks you but does no damage.
The troll bites you! You block the troll's attack.
The troll claws you but does no damage.
The ogre hits you with a +0 giant spiked club!!
* * * LOW HITPOINT WARNING * * *
The troll bites you.
* * * LOW HITPOINT WARNING * * *
The troll claws you but does no damage. You block the troll's attack.
The bullfrog hits you but does no damage.
The centaur completely misses you. You furiously retaliate!
You headbutt the centaur.
The centaur kicks you but does no damage.
You aren't carrying any potions.
Something bites the plant.
The plant begins to die.
Something claws the plant.
Something claws the plant!
The troll bites you but does no damage. You block the troll's attack.
The troll claws you but does no damage. The bullfrog hits you.
* * * LOW HITPOINT WARNING * * *
Something hits the plant!
Something kicks the plant.
The centaur hits you.
The centaur kicks you but does no damage.
Okay, then.
Something bites the plant!
Something claws the plant! x2; The orc zaps a wand.
The puff of flame hits you.
You die...

##..# ⌠). #.###.. ##...#
.$ #..##.. #....# o#
#..##.# #....# ###.###
#...... #....# ♣♣T§o..♣♣
#.....#
#....#♣♣♣♣O§P....♣♣♣
#.....#
#....#..§T§§§≈......
#..>...
##...#♣♣♣♣FT.....♣♣♣
#.....# ##..# ♣♣@c...♣♣
#.....#
##.#######...#######.....#
#.......................#
#####.........##........#
#.........###.#####.#
##.........# #.##.....
............# #.##.....
.###........###<##..... .
#...................


You could see 2 trolls, a bullfrog, a centaur and an orc.

Vanquished Creatures
  A cyclops (D:7)
  2 unseen horrors (D:7)
  A troll (D:7)
  Prince Ribbit (D:5)
  A slime creature (D:7)
  A blink frog (D:4)
  Grinder (D:6)
  Sigmund (D:2)
  A wyvern (D:7)
  Eustachio (D:4)
  2 steam dragons (D:7)
  Duvessa (D:6)
  An ice beast (D:7)
  A water moccasin (D:7)
  An orc warrior (D:6)
  A hornet zombie (D:7)
  A necrophage (D:7)
  2 ogres (D:6)
  A phantom (D:5)
  2 centaurs (D:7)
  3 lemures (D:4)
  2 kobold brigands
  Blork the orc (D:4)
  A gnoll sergeant (D:5)
  3 scorpions
  A water moccasin zombie (D:6)
  A water moccasin skeleton (D:7)
  Dowan (D:6)
  A howler monkey (D:7)
  3 hounds
  3 centaur skeletons
  3 orc priests
  A bullfrog skeleton (D:4)
  Natasha (thrice) (D:2)
  An iguana (D:5)
  2 orc wizards
  A hound skeleton (D:5)
  4 gnolls (D:6)
  2 howler monkey skeletons
  8 adders
  A shadow imp (D:7)
  2 white imps
  An ufetubus (D:6)
  An adder skeleton (D:4)
  2 worms (D:3)
  15 orcs
  4 ball pythons
  3 bats
  5 endoplasms
  6 giant cockroaches
  4 goblins
  4 hobgoblins
  3 jackals (D:2)
  16 kobolds
  A quokka (D:2)
  2 frilled lizards (D:3)
  7 rats
146 creatures vanquished.

Vanquished Creatures (others)
  An orc (D:7)
  A kobold (D:7)
  7 plants (D:7)
9 creatures vanquished.

Grand Total: 155 creatures vanquished

Notes
Turn   | Place    | Note
-------+----------+-------------------------------------------
     0 | D:1      | NinjaNoafa the Minotaur Fighter began the quest for the
                  | Orb.
     0 | D:1      | Reached XP level 1. HP: 19/19 MP: 0/0
   216 | D:1      | Found a faded altar of an unknown god.
   491 | D:1      | Reached XP level 2. HP: 27/27 MP: 1/1
  1163 | D:2      | Found a white marble altar of Elyvilon.
  1364 | D:2      | Reached XP level 3. HP: 33/33 MP: 2/2
  1437 | D:2      | Noticed Sigmund
  1459 | D:2      | Killed Sigmund
  1460 | D:2      | Reached skill level 1 in Throwing
  1460 | D:2      | Reached XP level 4. HP: 11/41 MP: 3/3
  1460 | D:2      | Reached XP level 5. HP: 13/47 MP: 4/4
  1855 | D:2      | Noticed Natasha
  1865 | D:2      | Killed Natasha
  1906 | D:2      | Noticed Natasha
  1911 | D:2      | Killed Natasha
  2059 | D:2      | Noticed Natasha
  2070 | D:2      | Killed Natasha
  2071 | D:2      | Reached XP level 6. HP: 27/55 MP: 5/5
  2534 | D:3      | Reached skill level 5 in Fighting
  2654 | D:3      | Reached skill level 5 in Shields
  3158 | D:4      | Noticed Blork the orc
  3166 | D:4      | Reached skill level 5 in Armour
  3194 | D:4      | Killed Blork the orc
  3401 | D:4      | Noticed Pikel
  3411 | D:4      | Noticed Pikel
  3411 | D:4      | Pikel changed into Pikel the blink frog
  3703 | D:4      | Identified a scroll of acquirement
  3703 | D:4      | Acquired 1027 gold pieces
  3711 | D:4      | Noticed Eustachio
  3726 | D:4      | Killed Eustachio
  3727 | D:4      | Reached XP level 7. HP: 43/61 MP: 6/6
  4335 | D:4      | Killed Pikel the blink frog
  4580 | D:5      | Entered Level 5 of the Dungeon
  4582 | D:5      | Found a radiant altar of Vehumet.
  4682 | D:5      | Reached XP level 8. HP: 54/71 MP: 7/7
  4779 | D:5      | Found a staircase to the Ecumenical Temple.
  4790 | Temple   | Entered the Ecumenical Temple
  4892 | Temple   | Became a worshipper of Warmaster Okawaru
  5142 | D:5      | Noticed Prince Ribbit
  5151 | D:5      | Killed Prince Ribbit
  5701 | D:6      | Noticed Dowan
  5708 | D:6      | Noticed Duvessa
  5714 | D:6      | Killed Dowan
  5729 | D:6      | Killed Duvessa
  5729 | D:6      | Reached * piety under Okawaru
  5730 | D:6      | Reached skill level 1 in Spellcasting
  6124 | D:6      | Reached skill level 5 in Short Blades
  6210 | D:6      | Reached skill level 1 in Invocations
  6217 | D:6      | Noticed Grinder
  6236 | D:6      | Killed Grinder
  6450 | D:6      | Reached XP level 9. HP: 65/79 MP: 11/11
  7149 | D:6      | Reached ** piety under Okawaru
  7938 | D:7      | Noticed a troll
  7957 | D:7      | Noticed an unseen horror
  7959 | D:7      | Killed a troll
  8297 | D:7      | Identified the +6 long sword of the Smoking Goat {venom,
                  | rElec rPois rC- Dex+8}
  8306 | D:7      | Reached skill level 5 in Throwing
  8327 | D:7      | Reached *** piety under Okawaru
  8328 | D:7      | Reached skill level 1 in Long Blades
  8740 | D:7      | Identified the +3 dagger of Evil {antimagic, rF- rC+
                  | Stlth+}
  8748 | D:7      | Reached XP level 10. HP: 75/90 MP: 8/12
  9049 | D:7      | Identified the +4 scale mail of the Kettle-Drum {Will+
                  | Dex+3}
  9156 | D:7      | Noticed a cyclops
  9168 | D:7      | Killed a cyclops
  9168 | D:7      | Reached **** piety under Okawaru
  9169 | D:7      | Reached skill level 1 in Evocations
  9177 | D:7      | HP: 4/90 [bullfrog (3)]
  9178 | D:7      | Killed from afar by an orc

Illustrated notes

Levels and vault maps discovered:
D:1:      lightli_arrival_chessboard, layout_basic,
          shapermc_ecumenical_altar_flowoftime
D:2:      layout_loops_ring, basic_altar, uniq_natasha, uniq_sigmund
D:3:      layout_basic
D:4:      layout_rooms, uniq_eustachio, uniq_pikel, uniq_blork_the_orc
D:5:      layout_basic, nicolae_vehumet_altar_sigil,
          minmay_temple_entry_crystal_x, minivault_26,
          kennysheep_generic_room_6, uniq_prince_ribbit1
D:6:      layout_loops_ring, minmay_misc_feat_hallway, uniq_duvessa,
          uniq_grinder
D:7:      nzn_winding_woodlands_small [nzn_winding_woodlands_5x15_jagged,
          nzn_winding_woodlands_center_pierced_h,
          nzn_winding_woodlands_5x15_garden], layout_rooms,
          minmay_manual_monstrance
Temple:   mainiacjoe_temple_bowtie_tessellation

Skill      XL: |  1  2  3  4  5  6  7  8  9 10 |
---------------+-------------------------------+-----
Fighting       | 4 5 6 7 8 |  8.8
Armour         | 4 5 6 7 8 |  8.9
Short Blades   | 2 3 4 5 6 |  6.2
Throwing       | 1 2 3 5 |  5.0
Shields        | 4 5 6 7 8 |  8.1
Spellcasting   | 2 |  2.0
Invocations    | 3 |  3.0
Long Blades    | 3 4 |  4.6
Evocations     | 1 |  1.1
Polearms       | |  2.8

Action                   |  1- 3 |  4- 6 |  7- 9 | 10-12 || total
-------------------------+-------+-------+-------+-------++-------
Melee: Trident           |    55 |       |       |       ||    55
       Headbutt          |     4 |    35 |    73 |     7 ||   119
       Dagger            |    11 |   163 |   295 |       ||   469
       Unarmed           |       |     8 |       |       ||     8
       Long sword        |       |       |    30 |    19 ||    49
Throw: Stone             |     2 |     2 |     6 |       ||    10
       Dart              |       |     6 |    18 |       ||    24
Invok: Heroism           |       |       |     1 |       ||     1
Evoke: Wand              |       |     3 |     6 |     2 ||    11
  Use: Potion            |     2 |     3 |     7 |       ||    12
       Scroll            |       |    11 |    12 |     1 ||    24
Armor: Plate armour      |    30 |    85 |    48 |       ||   163
       Ring mail         |       |       |    84 |     3 ||    87
       Scale mail        |       |       |       |    16 ||    16
Dodge: Dodged            |    16 |    37 |   130 |    12 ||   195
Block: Buckler           |    11 |    25 |    80 |    14 ||   130
